 Dungeon Crawl Stone Soup version 0.16-a0-1157-gec61f8e (webtiles) character file.

147086 RobertPalmer the Spry (level 17, 0/115 HPs)
             Began as an Octopode Gladiator on Oct 7, 2014.
             Was a High Priest of Qazlal.
             Succumbed to a redback's poison
             ... on level 4 of the Spider Nest on Oct 8, 2014.
             The game lasted 02:24:08 (41764 turns).

RobertPalmer the Spry (Octopode Gladiator)         Turns: 41764, Time: 02:24:09

Health: 0/115      AC: 13    Str: 19    XL:     17   Next: 46%
Magic:  34/38      EV: 24    Int: 20    God:    Qazlal [*****.]
Gold:   2645       SH:  6    Dex: 18    Spells: 4 memorised, 1 level left

rFire  + + .     SeeInvis .     a - +9 lajatang
rCold  + . .     Clarity  .     (no shield)
rNeg   + + .     SustAb   .     x - +2 hat of the High Council {Archmagi, Wiz- Stlth-}
rPois  +         Gourm    .     U - amulet "Ciotimn" {+Rage rN+ Regen}
rElec  +         Spirit   .     d - ring of protection from fire
rCorr  +         Warding  .     o - ring of wizardry
rMut   .         Stasis   .     c - ring of magical power
MR     ++...                    W - +3 ring of protection
Stlth  ..........               j - ring of protection from magic
                                Z - +5 ring of protection
                                D - ring "Effiusko" {rN+ Int+2 Stlth-}
                                L - ring of Olaoseont {Str+3 Dex+4 Int+4}

@: lethally poisoned, resistant, repel missiles, very resistant to hostile
enchantments, extremely unstealthy
A: almost no armour, amphibious, 8 rings, constrict 8, slimy green scales 1,
camouflage 1, blurry vision 1, deformed body, gelatinous body 1
a: Upheaval, Elemental Force, Disaster Area, Renounce Religion, Evoke Berserk
Rage


You were on level 4 of the Spider Nest.
You worshipped Qazlal.
Qazlal was extremely pleased with you.
You were very hungry.

You visited 6 branches of the dungeon, and saw 35 of its levels.
You also visited: Ossuary and Ice Cave.

You collected 4346 gold pieces.
You spent 1701 gold pieces at shops.


Innate Abilities, Weirdness & Mutations

You cannot wear most types of armour.
You are amphibious.
You can wear up to eight rings at the same time.
You can use your tentacles to constrict many enemies at once.
Your skin changes colour to match your surroundings (Stealth).
Your rubbery body absorbs attacks (AC +1).
You are partially covered in slimy green scales (AC +2).
Your vision is a little blurry.
Your body is misshapen.


   Skills:
 - Level 10.1 Fighting
   Level 8.5(11.4) Polearms
 - Level 12.2(13.2) Staves
 - Level 2.0 Throwing
 - Level 15.0 Dodging
 - Level 5.3 Spellcasting
 - Level 10.4 Conjurations
 + Level 10.6 Necromancy
 - Level 11.7 Air Magic
 - Level 8.9 Invocations


You had one spell level left.
You knew the following spells:

 Your Spells              Type           Power        Failure   Level  Hunger
q - Dispel Undead         Necr           ######..     4%          5    #####..
x - Bolt of Draining      Conj/Necr      ######....   5%          5    #####..
y - Death Channel         Necr           ######....   14%         6    #######
V - Tornado               Air            ######....   100%        9    #######

Inventory:

Hand weapons
 a - a +9 lajatang (weapon)
Missiles
 m - 4 throwing nets (quivered)
Armour
 x - the +2 hat of the High Council (worn) {Archmagi, Wiz- Stlth-}
   (You bought it in a shop on level 4 of the Orcish Mines)

   It makes you less stealthy.
Magical devices
 A - a wand of hasting (3) {!d}
 G - a wand of teleportation (6) {!d}
Comestibles
 f - 17 bread rations
 i - 19 meat rations
 w - a rotting chunk of electric eel flesh {@*1}
 z - 26 fruits
Scrolls
 h - 3 scrolls of recharging
 k - 7 scrolls of magic mapping
 l - 3 scrolls of identify
 n - a scroll of fog
 u - 2 scrolls of enchant weapon
 F - 5 scrolls of teleportation
 N - 3 scrolls of enchant armour
 T - 8 scrolls of remove curse
Jewellery
 c - a ring of magical power (on tentacle)
 d - a ring of protection from fire (left tentacle)
 e - an uncursed ring of teleportation
 j - a ring of protection from magic (on tentacle)
 o - a ring of wizardry (right tentacle)
 s - an uncursed amulet of clarity
 D - the ring "Effiusko" (on tentacle) {rN+ Int+2 Stlth-}
   (You found it in an ice cave)

   [ring of loudness]

   It affects your intelligence (+2).
   It protects you from negative energy.
   It makes you less stealthy.
 L - the ring of Olaoseont (on tentacle) {Str+3 Dex+4 Int+4}
   (You found it in an ice cave)

   [ring of dexterity]

   It affects your strength (+3).
   It affects your intelligence (+4).
   It affects your dexterity (+4).
 O - the amulet "Wuanov" {+Rage +Fly rC++}
   (You found it on level 4 of the Lair of Beasts)

   [amulet of rage]

   It greatly protects you from cold.
   It lets you fly.
   It lets you go berserk.
 Q - an uncursed amulet of resist corrosion
 R - an uncursed amulet of resist mutation
 U - the amulet "Ciotimn" (around mantle) {+Rage rN+ Regen}
   (You acquired it on level 15 of the Dungeon)

   [amulet of regeneration]

   It protects you from negative energy.
   It lets you go berserk.
   It increases your rate of regeneration.
 W - a +3 ring of protection (on tentacle)
 Z - a +5 ring of protection (on tentacle)
Potions
 g - 3 potions of restore abilities
 q - 5 potions of berserk rage
 r - 3 potions of might
 t - 3 potions of cancellation
 C - 2 potions of porridge
 P - 3 potions of brilliance
 Y - 2 potions of magic
Books
 y - a book of Unlife
 J - a book of the Sky
 S - a book of Annihilations {highlevel}
Magical staves
 b - an uncursed staff of conjuration

Dungeon Overview and Level Annotations

Branches:
Dungeon (15/15)            Temple (1/1) D:5             Orc (4/4) D:10
    Elf (0/3) Orc:3          Lair (8/8) D:10          Swamp (2/5) Lair:4
 Spider (5/5) Lair:3        Slime (0/6) Lair:8       Vaults (0/5) D:13
 Depths (0/5) D:15

Altars:
Ashenzari
Cheibriados
Dithmenos
Elyvilon
Fedhas
Gozag
Kikubaaqudgha
Makhleb
Nemelex Xobeh
Okawaru
Qazlal
Ru
Sif Muna
Vehumet
Xom
Yredelemnul
Zin
The Shining One
Beogh

Shops:
D:8 (   Orc:4 (}[[

Annotations:
D:3 RobertPalmer's ghost, average OpMo
D:4 Prince Ribbit; Talonman's ghost, average DrEE
Swamp:1 exclusion: Roxanne, Roxanne
Swamp:2 Kirke

....#/.......^...................
.....#.......#....../....#.......
..%..>#..#.......................
#≈...........^......#..........#.
##.....#....................^....
###......#..............#....#...
#≈#..................#.......#...
^§..^......#..................^..
#...#.#.........@.............^#.
^...............§...#.#.....#....
#..<...........^..§..§^.........^
.........#..^....#§.§#.........##
....#^..#...#....#.§.%>......^.#
##........#^......§§.........####
#......##.......^...........####
#...#.....#....#..^#...##.^^.≈##
#^..#^.........#^.#...........##


There were no monsters in sight!


Message History

Okay, then.
Evoke which item? (* to show all) (? for menu, Esc to quit)
Okay, then.
Drink which item? (? for menu, Esc to quit)
It has a very clean taste.
It was a potion of cure mutation.
* * * LOW HITPOINT WARNING * * *
You feel sick.
Drink which item? (? for menu, Esc to quit)
Really quaff
X - a potion of mutation {!q}?
You feel extremely strange.
Slimy green scales grow over part of your body.
Your vision blurs.
Your body twists and deforms.
* * * LOW HITPOINT WARNING * * *
You feel sick. Something bites your air elemental!
Your air elemental is destroyed!
* * * LOW HITPOINT WARNING * * *
You feel sick.
Your water elemental is engulfed in freezing vapours.
The redback bites your water elemental!
Unknown command.
Unknown command.
* * * LOW HITPOINT WARNING * * *
You feel sick.
Your water elemental hits the redback!
Your water elemental engulfs the redback in water!
The redback bites your water elemental!
* * * LOW HITPOINT WARNING * * *
You feel sick.
The redback dies!
Qazlal accepts your collateral kill.
You die...

Action                   |  1- 3 |  4- 6 |  7- 9 | 10-12 | 13-15 | 16-18 || total
-------------------------+-------+-------+-------+-------+-------+-------++-------
Melee: Trident           |    50 |   110 |       |       |       |       ||   160
       Spear             |       |    23 |   365 |   705 |   775 |       ||  1868
       Quarterstaff      |       |       |       |       |   632 |    89 ||   721
       Lajatang          |       |       |       |       |       |   686 ||   686
Throw: Throwing net      |       |     1 |     9 |     4 |    10 |     2 ||    26
 Cast: Dazzling Spray    |       |       |       |    38 |       |       ||    38
       Corpse Rot        |       |       |       |     7 |    31 |     2 ||    40
       Bolt of Draining  |       |       |       |    13 |    51 |    29 ||    93
       Call Canine Famil |       |       |       |     1 |     6 |     3 ||    10
       Dispel Undead     |       |       |       |       |     2 |       ||     2
Invok: Upheaval          |       |       |     3 |    25 |    14 |    22 ||    64
       Elemental Force   |       |       |       |     3 |     4 |     4 ||    11
       Disaster Area     |       |       |       |       |       |     1 ||     1
Evoke: Wand              |       |       |       |     7 |     1 |     2 ||    10
       Lamp of fire      |       |       |       |       |     1 |       ||     1
  Use: Scroll            |     2 |     7 |     7 |    27 |    14 |    27 ||    84
       Potion            |       |     2 |     5 |     9 |    12 |    10 ||    38
 Stab: Sleeping          |     2 |     4 |       |       |       |       ||     6
       Distracted        |     1 |     1 |     2 |     1 |     2 |     2 ||     9
       Held in net/web   |       |       |     2 |     1 |     6 |     4 ||    13
       Invisible         |       |       |       |     7 |       |       ||     7
  Eat: Chunk             |     1 |     9 |    12 |    26 |    47 |    19 ||   114
       Beef jerky        |       |       |     1 |     4 |     3 |     1 ||     9
       Fruit             |       |       |       |     3 |     1 |     1 ||     5
       Royal jelly       |       |       |       |     2 |     7 |     1 ||    10
       Pizza             |       |       |       |       |     2 |       ||     2
       Bread ration      |       |       |       |       |       |     4 ||     4

Vault maps used:
D:1:      dpeg_arrival_long_road
D:2:      lemuel_round_altar, minitemple
D:3:      lemuel_round_altar
D:4:      tgw_trog, lemuel_crystal_altar, uniq_prince_ribbit1
D:5:      lemuel_castle_with_subvaults, old_standard_altar,
          minmay_temple_entry_statues_pillars, gup_ossuary_entry_pyramid,
          first_bread, portal_sewer_entry_b, minmay_misc_feat_chi
D:6:      gammafunk_temple_overflow_wave
D:7:      okawaru_ov_weapons_minmay
D:8:      lemuel_doored_altar, serial_shops,
          nicolae_shop_temple_entry_statues_fountains,
          hangedman_pestilent_swarm, uniq_psyche, uniq_eustachio, uniq_edmund
D:9:      basic_altar
D:10:     orc_0_dummy, due_lair_maze_entry_diamond, uniq_fannar
D:11:     serial_corexii_hall, corexii_hall_statues_x,
          corexii_hall_statues_deadend
D:12:     uniq_sonja
D:13:     david_vaults_3
D:14:     minmay_misc_feat_ornament
D:15:     grunt_enter_depths_snipers, lemuel_round_altar, grunt_ministairs_6,
          kennysheep_kite_vault
Temple:   minmay_temple_bridge_a_8
Orc:1:    uniq_duvessa
Orc:3:    giant_chief_lemuel, basic_altar, nicolae_orc_pool_cavern, uniq_grum
Orc:4:    grunt_orc_community_town_hall, grunt_orc_community_big_house_1,
          grunt_orc_community_big_house_1, grunt_orc_community_house_1,
          grunt_orc_community_house_3, grunt_orc_community_house_3,
          grunt_orc_community_house_1, grunt_orc_community_house_3,
          grunt_orc_community_house_2
Lair:1:   grunt_forest_stairs_basic, lemuel_old_faithful, serial_bayou_shore_a,
          uniq_gastronok
Lair:2:   portal_ice_cave_entry_imps, uniq_erica
Lair:3:   swamp_mist, dummy_spider_entry, minmay_hedge_maze, beast_lair_carwin_8
Lair:4:   minmay_swamp_entry_swarm, zaba_anthell
Lair:5:   lemuel_fruit_fields, infiniplex_staircase_pool, lemuel_fruit_tree,
          uniq_harold
Lair:6:   grunt_megastairs_4
Lair:7:   grunt_megastairs_3
Lair:8:   hangedman_lair_in_review, wormcave, slime_dummy
Swamp:1:  hangedman_swamp_lotus, uniq_roxanne, uniq_maud
Swamp:2:  evilmike_swamp_ruin_house_5, uniq_kirke
Spider:3: spiders_nest_scorpion_pit, uniq_rupert
Spider:5: spider_rune_water, nicolae_spider_webs_and_nodes
Ossuary:  ossuary_zaba_flooded
IceCv:    ice_cave_small_dragons

Notes
Turn   | Place    | Note
--------------------------------------------------------------
     0 | D:1      | RobertPalmer, the Octopode Gladiator, began the quest for the Orb.
     0 | D:1      | Reached XP level 1. HP: 14/14 MP: 1/1
   163 | D:1      | Reached XP level 2. HP: 13/19 MP: 2/2
   480 | D:1      | Reached skill level 4 in Polearms
   490 | D:1      | Reached XP level 3. HP: 24/24 MP: 3/3
  1325 | D:2      | Reached XP level 4. HP: 22/29 MP: 4/4
  1383 | D:2      | Found a shimmering altar of Xom.
  1383 | D:2      | Found a white marble altar of Elyvilon.
  1577 | D:2      | Found a snail-covered altar of Cheibriados.
  1956 | D:3      | Reached skill level 5 in Polearms
  2143 | D:3      | Found an opulent altar of Gozag.
  2674 | D:3      | Reached XP level 5. HP: 17/34 MP: 5/5
  2823 | D:3      | HP: 3/34 [orc/club (4)]
  3125 | D:3      | Reached skill level 6 in Polearms
  3324 | D:3      | Noticed RobertPalmer's ghost (average OpMo)
  3368 | D:4      | Found a burning altar of Makhleb.
  3380 | D:4      | Got a transparent spear
  3401 | D:4      | Reached XP level 6. HP: 21/39 MP: 6/6
  3758 | D:4      | Reached skill level 7 in Polearms
  3843 | D:4      | Noticed Talonman's ghost (average DrEE)
  3892 | D:3      | Identified the +10 spear of the Extremes {flame, Dex+2} (You found it on level 4 of the Dungeon)
  3923 | D:4      | Noticed Prince Ribbit
  3981 | D:5      | Entered Level 5 of the Dungeon
  3989 | D:5      | Found a staircase to the Ecumenical Temple.
  4010 | Temple   | Entered the Ecumenical Temple
  4039 | Temple   | Became a worshipper of Qazlal Stormbringer
  4067 | D:5      | Reached skill level 4 in Dodging
  4104 | D:5      | Found a sand-covered staircase.
  4116 | Ossuary  | Entered an ossuary
  4131 | Ossuary  | Reached XP level 7. HP: 35/45 MP: 7/7
  4260 | Ossuary  | Reached skill level 5 in Dodging
  4547 | Ossuary  | Reached skill level 6 in Dodging
  4574 | Ossuary  | Acquired Qazlal's first power
  4796 | Ossuary  | Reached XP level 8. HP: 44/50 MP: 8/8
  4944 | D:5      | Reached skill level 7 in Dodging
  4993 | D:5      | Found a glowing silver altar of Zin.
  5055 | D:5      | Reached skill level 1 in Invocations
  5185 | D:5      | Reached skill level 2 in Invocations
  5357 | D:5      | Identified a wand of hasting
  5391 | D:5      | Reached skill level 3 in Invocations
  5402 | D:5      | Acquired Qazlal's second power
  5437 | D:5      | Reached skill level 4 in Invocations
  5552 | D:5      | Reached skill level 5 in Invocations
  5640 | D:5      | Reached skill level 6 in Invocations
  5702 | D:5      | Acquired Qazlal's third power
  6267 | D:6      | Reached skill level 7 in Invocations
  6267 | D:6      | Reached XP level 9. HP: 54/54 MP: 19/19
  6642 | D:6      | Found a shattered altar of Ashenzari.
  6642 | D:6      | Found a sacrificial altar of Ru.
  6687 | D:7      | Reached skill level 8 in Polearms
  7229 | D:7      | Found an iron altar of Okawaru.
  7534 | D:7      | Learned a level 3 spell: Dazzling Spray
  7537 | D:7      | Learned a level 2 spell: Corpse Rot
  7637 | D:7      | Reached skill level 2 in Conjurations
  7935 | D:8      | Reached skill level 3 in Conjurations
  7952 | D:8      | Noticed Edmund
  7960 | D:8      | Killed Edmund
  7960 | D:8      | Reached skill level 4 in Conjurations
  8345 | D:8      | Found Moull's Weapon Shoppe.
  8393 | D:8      | Found a deep blue altar of Sif Muna.
  8402 | D:8      | Noticed Psyche
  8410 | D:8      | Killed Psyche
  8410 | D:8      | Reached skill level 5 in Conjurations
  8490 | D:8      | Acquired Qazlal's fourth power
  8490 | D:8      | Reached skill level 6 in Conjurations
  8507 | D:8      | Noticed Eustachio
  8511 | D:8      | Reached XP level 10. HP: 17/60 MP: 20/20
  8513 | D:8      | Reached skill level 7 in Conjurations
  8544 | D:8      | Killed Eustachio
  8862 | D:8      | Reached skill level 1 in Necromancy
  8884 | D:8      | Reached skill level 2 in Necromancy
  9183 | D:9      | Reached skill level 3 in Necromancy
  9297 | D:8      | Reached skill level 4 in Necromancy
  9487 | D:8      | Reached skill level 5 in Necromancy
  9741 | D:9      | Reached skill level 6 in Necromancy
  9920 | D:9      | Reached skill level 7 in Necromancy
  9923 | D:9      | Acquired Qazlal's fifth power
 10285 | D:9      | Found a deep blue altar of Sif Muna.
 10340 | D:9      | Reached skill level 8 in Necromancy
 10340 | D:9      | Reached XP level 11. HP: 52/64 MP: 18/22
 10628 | D:10     | Entered Level 10 of the Dungeon
 10803 | D:10     | Reached skill level 9 in Necromancy
 10815 | D:10     | Noticed a seven-headed hydra
 10821 | D:10     | Killed a seven-headed hydra
 11068 | D:10     | Found a staircase to the Lair.
 11081 | D:10     | Learned a level 5 spell: Bolt of Draining
 11104 | D:10     | Identified a wand of teleportation
 11115 | D:10     | Reached skill level 10 in Necromancy
 11251 | D:10     | Noticed a hill giant
 11296 | D:10     | Killed a hill giant
 11376 | D:10     | Noticed Fannar
 11433 | D:10     | Killed Fannar
 11433 | D:10     | Reached skill level 8 in Invocations
 11763 | D:10     | Found a staircase to the Orcish Mines.
 11911 | Lair:1   | Entered Level 1 of the Lair of Beasts
 12139 | Lair:1   | Noticed Gastronok
 12153 | Lair:1   | Killed Gastronok
 12153 | Lair:1   | Reached skill level 8 in Dodging
 12153 | Lair:1   | Reached XP level 12. HP: 37/70 MP: 3/24
 12466 | Lair:1   | Reached skill level 9 in Dodging
 13238 | Lair:2   | Found a frozen archway.
 13247 | Lair:2   | Noticed Erica
 13261 | Lair:2   | Killed Erica
 13287 | IceCv    | Entered an ice cave
 13319 | IceCv    | Reached skill level 10 in Dodging
 13687 | IceCv    | Noticed an ice dragon
 13690 | IceCv    | Noticed an ice dragon
 13855 | IceCv    | Killed an ice dragon
 14032 | IceCv    | Killed an ice dragon
 14397 | IceCv    | Reached skill level 11 in Dodging
 14509 | IceCv    | Got an ancient tin ring
 14513 | IceCv    | Got a shimmering lead ring
 14536 | IceCv    | Identified the cursed ring "Effiusko" {rN+ Int+2 Stlth-} (You found it in an ice cave)
 14537 | IceCv    | Identified the ring of Olaoseont {Str+3 Dex+4 Int+4} (You found it in an ice cave)
 14936 | Lair:2   | Reached skill level 1 in Spellcasting
 15218 | Lair:3   | Reached skill level 2 in Spellcasting
 15273 | Lair:3   | Noticed a six-headed hydra
 15432 | Lair:3   | Reached skill level 3 in Spellcasting
 15716 | Lair:3   | Reached skill level 4 in Spellcasting
 15765 | Lair:3   | Found a hole to the Spider Nest.
 15848 | Lair:3   | Reached skill level 5 in Spellcasting
 15982 | Lair:3   | Learned a level 5 spell: Dispel Undead
 15986 | Lair:3   | Learned a level 3 spell: Call Canine Familiar
 16392 | Lair:3   | Killed a six-headed hydra
 16392 | Lair:3   | Reached XP level 13. HP: 72/74 MP: 16/25
 16466 | Lair:3   | Reached skill level 12 in Dodging
 16642 | Lair:3   | Found a staircase to the Swamp.
 16964 | Lair:4   | Reached skill level 8 in Conjurations
 17412 | Lair:4   | Reached skill level 9 in Conjurations
 18083 | Lair:4   | Reached skill level 10 in Conjurations
 18155 | Lair:4   | Reached skill level 3 in Fighting
 18622 | Lair:4   | Reached skill level 4 in Fighting
 18646 | Lair:4   | Got a smoking pewter amulet
 18802 | Lair:4   | Reached skill level 5 in Fighting
 18821 | Lair:4   | Found a staircase to the Swamp.
 19243 | Lair:5   | Noticed Harold
 19257 | Lair:5   | Killed Harold
 19522 | Lair:5   | Identified the amulet "Wuanov" {+Rage +Fly rC++} (You found it on level 4 of the Lair of Beasts)
 19592 | Lair:5   | Reached skill level 6 in Fighting
 19971 | Lair:5   | Reached skill level 7 in Fighting
 20444 | Lair:5   | Upgraded the game from 0.16-a0-1132-gad589c6 to 0.16-a0-1157-gec61f8e
 20960 | Lair:6   | Reached skill level 8 in Fighting
 20961 | Lair:6   | Reached XP level 14. HP: 94/94 MP: 10/26
 21525 | Lair:7   | Reached skill level 9 in Fighting
 22781 | Lair:8   | Entered Level 8 of the Lair of Beasts
 22976 | Orc:1    | Entered Level 1 of the Orcish Mines
 22995 | Orc:1    | Reached skill level 10 in Fighting
 23765 | Orc:3    | Found a roughly hewn altar of Beogh.
 23787 | Orc:3    | Noticed Grum
 23802 | Orc:3    | Killed Grum
 23871 | Orc:3    | Found a staircase to the Elven Halls.
 24507 | Orc:3    | Reached skill level 13 in Dodging
 25213 | Orc:3    | Noticed a stone giant
 25255 | Orc:3    | Killed a stone giant
 25690 | Orc:3    | Got a faintly glowing trident
 25691 | Orc:3    | Identified the -3 trident "Jynias" {elec, Str+3} (You found it on level 3 of the Orcish Mines)
 25695 | Orc:3    | Got an ichor-stained triple sword
 25701 | Orc:3    | Identified the cursed +2 triple sword "Schod Maezil" {slice, rF- Str+3 Int+3 Stlth++} (You found it on level 3 of the Orcish Mines)
 25706 | Orc:3    | Got a warped short sword
 25707 | Orc:3    | Identified the +5 short sword of the Thing {slice, -Tele MR++ SInv} (You found it on level 3 of the Orcish Mines)
 25712 | Orc:3    | Got a slimy quarterstaff
 25715 | Orc:3    | Identified the +12 quarterstaff "Killer Bee's Doom" {crush, Str+3} (You found it on level 3 of the Orcish Mines)
 26180 | Orc:4    | Entered Level 4 of the Orcish Mines
 26216 | Orc:4    | Reached skill level 1 in Staves
 26228 | Orc:4    | Reached skill level 2 in Staves
 26333 | Orc:4    | Reached skill level 3 in Staves
 26570 | Orc:4    | Reached skill level 4 in Staves
 26581 | Orc:4    | Noticed Saint Roka
 26603 | Orc:4    | HP: 4/99 [Saint Roka/ bolt of penetration (29)]
 27778 | Lair:8   | Reached skill level 5 in Staves
 27835 | Lair:8   | Found a staircase to the Slime Pits.
 27929 | Lair:8   | Reached XP level 15. HP: 103/103 MP: 27/27
 27950 | Lair:8   | Reached skill level 6 in Staves
 28008 | Lair:8   | Reached skill level 7 in Staves
 28245 | Lair:8   | Reached skill level 8 in Staves
 28991 | Lair:8   | Reached skill level 9 in Staves
 29371 | D:11     | Noticed an orc knight
 29387 | D:11     | Killed an orc knight
 29404 | D:11     | Found a roughly hewn altar of Beogh.
 30459 | D:12     | Reached skill level 14 in Dodging
 30764 | D:12     | Noticed Sonja
 30787 | D:12     | Killed Sonja
 31534 | D:13     | Noticed Rupert
 31549 | D:13     | Killed Rupert
 31892 | D:13     | Found a gate to the Vaults.
 31937 | D:13     | Reached skill level 15 in Dodging
 32558 | D:14     | Learned a level 9 spell: Tornado
 32706 | D:14     | Reached skill level 1 in Air Magic
 33006 | D:15     | Entered Level 15 of the Dungeon
 33012 | D:15     | Reached skill level 2 in Air Magic
 33012 | D:15     | Reached XP level 16. HP: 109/109 MP: 28/28
 33077 | D:15     | Reached skill level 3 in Air Magic
 33487 | D:15     | Identified a scroll of acquirement
 33488 | D:15     | Got a vibrating pewter amulet
 33489 | D:15     | Identified the amulet "Ciotimn" {+Rage rN+ Regen} (You acquired it on level 15 of the Dungeon)
 33648 | D:15     | Found a stormy altar of Qazlal.
 33703 | D:15     | Reached skill level 4 in Air Magic
 33919 | D:15     | Reached skill level 5 in Air Magic
 33926 | D:15     | Found a staircase to the Depths.
 34030 | D:15     | Reached skill level 10 in Staves
 35075 | Orc:4    | Found Skuust's Antique Armour Shoppe.
 35075 | Orc:4    | Found a roughly hewn altar of Beogh.
 35083 | Orc:4    | Found Vufeps' Antique Weapon Emporium.
 35094 | Orc:4    | Bought a runed hat for 96 gold pieces
 35176 | Orc:4    | Killed Saint Roka
 35226 | Orc:3    | Reached skill level 11 in Staves
 35484 | Orc:4    | Found a roughly hewn altar of Beogh.
 35484 | Orc:4    | Found Bloigalu's Gadget Shop.
 35585 | Orc:4    | Found a roughly hewn altar of Beogh.
 35599 | Orc:4    | Found a roughly hewn altar of Beogh.
 35631 | Orc:4    | Found a roughly hewn altar of Beogh.
 35631 | Orc:4    | Found Iphaa's Antique Armour Shoppe.
 35651 | Orc:4    | Bought the +2 hat of the High Council {Archmagi, Wiz- Stlth-} for 1605 gold pieces
 35738 | Orc:4    | Found a roughly hewn altar of Beogh.
 36203 | Spider:1 | Entered Level 1 of the Spider Nest
 36782 | Spider:1 | Identified a potion of resistance
 36936 | Spider:1 | Reached skill level 12 in Staves
 37660 | Spider:3 | Reached skill level 6 in Air Magic
 38025 | Swamp:1  | Entered Level 1 of the Swamp
 38027 | Swamp:1  | Noticed Maud
 38082 | Swamp:1  | Reached skill level 7 in Air Magic
 38086 | Swamp:1  | Killed Maud
 38325 | Swamp:1  | Reached skill level 8 in Air Magic
 38532 | Swamp:1  | Noticed Roxanne
 38882 | Swamp:2  | Reached skill level 9 in Air Magic
 38882 | Swamp:2  | Reached XP level 17. HP: 63/115 MP: 24/29
 38893 | Swamp:2  | Noticed Kirke
 39420 | Spider:3 | Reached skill level 10 in Air Magic
 40246 | Spider:3 | Reached skill level 11 in Air Magic
 41094 | Lair:6   | Learned a level 4 spell: Summon Lightning Spire
 41622 | Spider:5 | Entered Level 5 of the Spider Nest
 41673 | Spider:4 | Learned a level 6 spell: Death Channel
 41756 | Spider:4 | HP: 7/115 [redback (9)]
 41760 | Spider:4 | Gained mutation: You are partially covered in slimy green scales (AC +2). [potion of mutation]
 41760 | Spider:4 | Gained mutation: Your vision is a little blurry. [potion of mutation]
 41760 | Spider:4 | Gained mutation: Your body is misshapen. [potion of mutation]
 41760 | Spider:4 | HP: 2/115 [poisoned by a redback]
 41764 | Spider:4 | Succumbed to a redback's poison

Vanquished Creatures
  Saint Roka (Orc:4)
  Rupert (D:13)
  Maud (Swamp:1)
  4 emperor scorpions (Spider:3)
  Gastronok (Lair:1)
  A stone giant (Orc:3)
  2 rakshasas (D:15)
  A yaktaur captain (D:15)
  Fannar (D:10)
  7 hydras
  An ogre mage (Orc:3)
  Harold (Lair:5)
  An ice dragon (Lair:8)
  Erica (Lair:2)
  3 alligators
  2 death yaks (Lair:8)
  4 centaur warriors
  3 spriggans
  An orc high priest (Orc:4)
  2 catoblepae
  A skeletal warrior (D:13)
  4 orb spiders
  A lindwurm (Lair:8)
  2 swamp dragons (Swamp:1)
  3 unseen horrors
  2 ice statues (IceCv)
  A wizard (D:14)
  4 orc knights
  17 hill giants
  4 orc sorcerers
  11 wolf spiders
  6 cyclopes
  A wolf spider (shapeshifter) (D:15)
  A red wasp (Spider:2)
  An ugly thing (D:11)
  4 griffons
  4 black mambas
  7 elephants
  2 manticores
  A gargoyle (D:15)
  22 spiny frogs
  2 yaktaurs (D:15)
  Psyche (D:8)
  A queen ant (Lair:4)
  10 fire drakes
  An efreet (D:15)
  A kobold demonologist (D:15)
  3 komodo dragons
  10 demonic crawlers
  2 tengu conjurers (D:15)
  A freezing wraith (D:14)
  A polar bear (Lair:5)
  7 blink frogs (Lair:8)
  5 trolls
  Sonja (D:12)
  12 jumping spiders
  10 ravens
  4 giant leeches
  2 two-headed ogres
  3 boulder beetles
  A slime creature (D:15)
  A shadow (Swamp:1)
  2 deep elf magi
  20 tarantellas
  3 wraiths
  19 redbacks
  4 basilisks
  A vampire (D:15)
  11 trapdoor spiders
  6 wyverns
  An air elemental (Spider:3)
  2 fire elementals
  A hill giant zombie (Orc:4)
  Eustachio (D:8)
  A steam dragon (Lair:4)
  7 hippogriffs
  Grum (Orc:3)
  61 yaks
  2 hungry ghosts (D:9)
  A hog (Swamp:1)
  16 humans (D:13)
  3 mottled dragons
  8 swamp worms (Swamp:1)
  19 wolves
  18 vampire mosquitoes
  A hill giant skeleton (D:15)
  Edmund (D:8)
  2 wargs (Orc:3)
  An ogre skeleton (D:10)
  3 black bears
  14 water moccasins
  36 spiders
  18 soldier ants
  41 orc warriors
  A sky beast (D:15)
  3 swamp drakes
  5 yellow wasps
  9 porcupines
  A manticore zombie (D:15)
  31 ice beasts
  9 centaurs
  11 ogres
  4 phantoms
  2 boring beetles
  22 crocodiles
  4 brain worms
  24 giant frogs
  8 insubstantial wisps (Swamp:1)
  A gnoll sergeant (D:5)
  9 killer bees
  8 scorpions
  A cyclops skeleton (D:14)
  4 wights (D:10)
  2 hippogriff skeletons
  2 jellies (D:9)
  7 bog bodies
  3 goliath beetles (D:6)
  8 electric eels
  7 crimson imps
  5 gnoll shamans (D:5)
  A giant frog zombie (D:12)
  3 quasits
  36 orc priests
  3 centaur skeletons
  17 hounds
  41 orc wizards
  9 iguanas
  41 worker ants
  8 orange rats
  3 killer bee zombies
  6 sheep
  A sky beast zombie (Ossuary)
  3 ogre zombies
  A hound skeleton (D:6)
  14 mummies
  19 adders
  32 green rats
  36 gnolls
  2 worker ant zombies
  4 giant mites
  12 white imps (Lair:2)
  2 goliath beetle zombies (Ossuary)
  3 shadow imps
  19 worms
  An iguana zombie (Ossuary)
  An adder zombie (Ossuary)
  An adder skeleton (D:5)
  2 orc skeletons
  3 giant geckos
  An ooze (D:1)
  205 orcs
  3 ball pythons
  18 bats
  4 giant cockroaches
  13 goblins
  18 hobgoblins
  24 jackals
  17 quokkas
  A giant cockroach zombie (Ossuary)
  A giant newt (D:3)
  3 giant spores
  A hobgoblin zombie (Ossuary)
  8 kobolds
  10 orc zombies
  13 rats
  21 ballistomycetes
  3 bushes (Lair:3)
  60 fungi
  32 plants
1513 creatures vanquished.

Vanquished Creatures (collateral kills)
  2 ice dragons (IceCv)
  A manticore (Lair:8)
  4 elephants
  A redback (Spider:4)
  A warg (Orc:3)
  A wolf (Lair:6)
  A soldier ant (D:14)
11 creatures vanquished.

Vanquished Creatures (others)
  4 air elementals
  A water elemental (Spider:3)
  2 fire elementals
  A crocodile (Lair:8)
  An earth elemental (Spider:3)
  7 hounds
  An adder (D:10)
  2 orcs
  2 giant spores
  An orc zombie (Orc:4)
  3 bushes (Lair:3)
  18 fungi
  7 plants
50 creatures vanquished.

Grand Total: 1574 creatures vanquished
